 Dungeon Crawl Stone Soup version 0.22.1-1-ga44c0e56f4 (webtiles) character file.

6948 LLavrengius the Spear-Bearer (level 10, 0/92 (93) HPs)
             Began as a Minotaur Monk on Nov 4, 2018.
             Was a Priest of Makhleb.
             Slain by an orc warrior
             ... wielding a +0 war axe
              (6 damage)
             ... in a bailey.
             The game lasted 00:24:02 (7536 turns).

LLavrengius the Spear-Bearer (Minotaur Monk)        Turns: 7536, Time: 00:24:03

HP:   0/92 (93)     AC: 14    Str: 18    XL:     10   Next: 80%
MP:   12/12         EV:  8    Int:  7    God:    Makhleb [***...]
Gold: 505           SH: 11    Dex: 14    Spells: 9/9 levels left

rFire    . . .     SeeInvis .   Q - +3 trident (vamp)
rCold    . . .     Gourm    .   o - +0 buckler
rNeg     . . .     Faith    .   L - +0 plate armour
rPois    .         Spirit   .   (helmet restricted)
rElec    .         Reflect  +   A - +0 cloak
rCorr    +         Harm     .   (no gloves)
MR       .....                  (no boots)
Stlth    ..........             n - +6 amulet of reflection
HPRegen  0.25/turn              (no ring)
MPRegen  0.13/turn              B - ring of resist corrosion

@: no status effects
A: retaliatory headbutt, horns 2
a: Minor Destruction, Lesser Servant of Makhleb, Renounce Religion


You were in a bailey.
You worshipped Makhleb.
Makhleb was most pleased with you.
You were not hungry.

You visited 1 branch of the dungeon, and saw 11 of its levels.
You also visited: Bailey.

You collected 505 gold pieces.

Inventory:

Hand Weapons
 b - a +0 hand crossbow of velocity
 g - a +0 hunting sling
 j - a +0 hunting sling
 Q - a +3 vampiric trident (weapon)
Missiles
 f - 328 stones (quivered)
 i - 67 sling bullets
 v - 3 tomahawks
Armour
 m - a cursed +0 scale mail
 o - a +0 buckler (worn)
 A - a +0 cloak (worn)
 L - a +0 plate armour (worn)
Jewellery
 n - a +6 amulet of reflection (around neck)
 r - an uncursed ring of stealth
 B - a ring of resist corrosion (right hand)
 N - an uncursed ring of fire
Wands
 a - a wand of iceblast (4)
 l - a wand of paralysis (13)
 F - a wand of scattershot (3)
 H - a wand of digging (12)
 K - a wand of polymorph (3)
 O - a wand of random effects (63)
Scrolls
 h - a scroll of enchant weapon
 p - a scroll of amnesia
 x - 9 scrolls of identify
 y - 4 scrolls of remove curse
 z - 2 scrolls of magic mapping
 C - 4 scrolls of fog {unknown}
 G - 3 scrolls of blinking {unknown}
 J - a scroll of torment {unknown}
 M - 5 scrolls of enchant armour {unknown}
Potions
 d - 2 potions of heal wounds {unknown}
 e - 2 potions of magic {unknown}
 k - 2 potions of degeneration {unknown}
 q - 2 potions of berserk rage {unknown}
 t - 4 potions of might {unknown}
 u - a potion of flight {unknown}
 w - 2 potions of lignification {unknown}
 D - 2 potions of curing {unknown}
 E - 3 potions of agility
 P - 4 potions of haste {unknown}
Comestibles
 c - 13 rations
 I - 4 chunks of flesh


   Skills:
 + Level 9.8 Fighting
   Level 3.9(9.0) Axes
 * Level 12.3(12.5) Polearms
 + Level 6.4 Armour
 - Level 7.0 Dodging
 - Level 1.6 Stealth
 - Level 4.2 Shields
 + Level 5.1 Invocations


You had 9 spell levels left.
You didn't know any spells.
Your spell library was empty.

Dungeon Overview and Level Annotations

Branches:
Dungeon (11/15)            Temple (0/1) D:7            Lair (0/6) D:8
    Orc (0/2) D:11

Altars:
Dithmenos
Elyvilon
Fedhas
Gozag
Hepliaklqana
Makhleb
Nemelex Xobeh
Sif Muna
Uskayaw
Vehumet
Wu Jian
Xom
Zin
The Shining One

Shops:
D:5 %   D:6 =


Innate Abilities, Weirdness & Mutations

You reflexively headbutt those who attack you in melee.
You have a pair of horns on your head.


Message History

The orc warrior dies!
Makhleb accepts your kill.
Your hellwing swoops through the air toward the orc warlord!
The orc warlord blocks your hellwing's attack.
Your hellwing barely misses the orc warlord.
There is an open door, spattered with blood here.
Items here: ))))))))) [[[[[[[[[ ÷ † The orc warrior shouts!
Some of the chunks of flesh in your inventory have rotted away.
The orc warlord roars a battlecry!
The orc warrior goes into a battle-frenzy!
You block the orc warrior's attack.
The orc warlord roars a battlecry!
The orc warriors go into a battle-frenzy!
Your orange demon stings the orc warrior but does no damage.
There is a fountain of clear blue water here.
Your hellwing hits the orc warlord!
Your hellwing barely misses the orc warlord.
The orc warrior hits you with a war axe.
You die...

#.....g.....#)...
#...........#..4.
#.).........#..o.
###)).......###...
###.#'#.....###.###.
###.....###.###...
##
##.........###.....
#..........8##.....
#.....@...g8#......
#∩....⌠o.o.o)......
#..........8#......
#.......4..8##o....
##.........###.....
###...).###.###...
##
###.#o#.....###.###.
###4).o.....###...
#....o4.....#....


You could see an orc warlord, 3 orc warriors, a goblin, a friendly orange demon
and a friendly hellwing.

Vanquished Creatures
  A centaur warrior (D:11)
  A two-headed ogre (D:9)
  A centaur skeleton (D:11)
  A troll (D:11)
  Grinder (D:3)
  A hungry ghost (D:7)
  2 chaos spawn (D:8)
  10 orc warriors
  2 ice beasts
  A black bear (D:10)
  A necrophage (D:6)
  2 phantoms (D:7)
  2 sky beasts
  3 centaurs
  7 ogres
  A bullfrog (D:7)
  5 big kobolds
  3 gnoll sergeants (D:11)
  A wyvern zombie (D:9)
  A howler monkey (D:10)
  A bullfrog zombie (D:6)
  3 crimson imps
  A centaur zombie (D:6)
  3 hounds
  A jelly (D:7)
  3 orc priests
  5 iguanas
  Jessica (D:3)
  4 orc wizards
  7 worker ants
  A killer bee zombie (D:10)
  2 hound skeletons
  2 worker ant zombies
  8 adders
  16 gnolls
  A shadow imp (D:8)
  An ooze (D:1)
  3 worms
  A dart slug (D:2)
  4 leopard geckos
  31 orcs
  5 giant cockroaches
  24 goblins
  17 hobgoblins
  2 jackals (D:4)
  3 quokkas
  A ball python (D:5)
  6 bats
  4 frilled lizards
  A giant cockroach zombie (D:5)
  A jackal skeleton (D:7)
  12 kobolds
  2 leopard gecko skeletons (D:5)
  6 rats
230 creatures vanquished.

Vanquished Creatures (collateral kills)
  An orc warrior (Bailey)
1 creature vanquished.

Vanquished Creatures (others)
  A centaur (D:10)
1 creature vanquished.

Grand Total: 232 creatures vanquished

Notes
Turn   | Place    | Note
-------+----------+-------------------------------------------
     0 | D:1      | LLavrengius the Minotaur Monk began the quest for the Orb.
     0 | D:1      | Reached XP level 1. HP: 19/19 MP: 0/0
    27 | D:1      | Reached XP level 2. HP: 12/27 MP: 1/1
   628 | D:1      | Reached skill level 1 in Polearms
   700 | D:2      | Reached XP level 3. HP: 33/33 MP: 2/2
   818 | D:2      | Noticed an ogre
   824 | D:2      | Killed an ogre
   824 | D:2      | Reached skill level 3 in Polearms
   824 | D:2      | Reached XP level 4. HP: 39/41 MP: 3/3
   961 | D:2      | Reached XP level 5. HP: 35/47 MP: 4/4
  1179 | D:2      | Reached skill level 4 in Polearms
  1181 | D:2      | Reached skill level 5 in Fighting
  1561 | D:3      | Noticed Grinder
  1575 | D:3      | Paralysed by Grinder for 4 turns
  1583 | D:3      | Paralysed by Grinder for 4 turns
  1588 | D:3      | Killed Grinder
  1588 | D:3      | Reached skill level 5 in Polearms
  1588 | D:3      | Reached skill level 5 in Dodging
  1588 | D:3      | Reached XP level 6. HP: 19/56 MP: 5/5
  1798 | D:3      | Noticed Jessica
  1805 | D:3      | Killed Jessica
  1905 | D:3      | Found a blossoming altar of Fedhas.
  2197 | D:3      | Noticed a sky beast
  2209 | D:3      | Killed a sky beast
  2209 | D:3      | Reached XP level 7. HP: 37/62 MP: 6/6
  2347 | D:3      | Found a white marble altar of Elyvilon.
  2347 | D:3      | Found a glowing silver altar of Zin.
  2348 | D:3      | Found a glowing golden altar of the Shining One.
  2557 | D:3      | Found a deep blue altar of Sif Muna.
  2565 | D:3      | Found a sparkling altar of Nemelex Xobeh.
  2571 | D:3      | Found a radiant altar of Vehumet.
  2770 | D:4      | Reached skill level 6 in Polearms
  3100 | D:4      | Found a shimmering altar of Xom.
  3333 | D:5      | Entered Level 5 of the Dungeon
  3339 | D:5      | Found Qoej's Food Boutique.
  3345 | D:5      | Found an opulent altar of Gozag.
  3348 | D:5      | Found a shadowy altar of Dithmenos.
  3452 | D:5      | Reached skill level 7 in Polearms
  3721 | D:5      | Reached XP level 8. HP: 36/71 MP: 7/7
  4081 | D:5      | Found a hazy altar of Hepliaklqana.
  4262 | D:6      | Reached skill level 8 in Polearms
  4358 | D:6      | Found Kas Ute's Jewellery Shop.
  4687 | D:6      | Found a burning altar of Makhleb.
  4708 | D:6      | Became a worshipper of Makhleb the Destroyer
  4708 | D:6      | Reached * piety under Makhleb
  4708 | D:6      | Reached ** piety under Makhleb
  5000 | D:7      | Reached skill level 1 in Armour
  5016 | D:7      | Reached skill level 9 in Polearms
  5069 | D:7      | Reached skill level 1 in Invocations
  5254 | D:7      | Reached XP level 9. HP: 78/80 MP: 9/9
  5530 | D:7      | Found a staircase to the Ecumenical Temple.
  5699 | D:7      | Found a hide-covered altar of Uskayaw.
  5782 | D:8      | Found an ornate altar of the Wu Jian Council.
  5782 | D:8      | Found a shimmering altar of Xom.
  5783 | D:8      | Found a staircase to the Lair.
  5808 | D:7      | Reached skill level 10 in Polearms
  5994 | D:8      | Found the +7 mace of Variability {chain chaos}
  6163 | D:8      | Reached skill level 1 in Shields
  6186 | D:8      | You fall through a shaft for 3 floors!
  6332 | D:11     | Found a staircase to the Orcish Mines.
  6332 | D:11     | Noticed a troll
  6332 | D:11     | Noticed a centaur warrior
  6343 | D:11     | Killed a centaur warrior
  6387 | D:11     | Killed a troll
  6387 | D:11     | Reached *** piety under Makhleb
  6387 | D:11     | Reached skill level 11 in Polearms
  6387 | D:11     | Reached XP level 10. HP: 76/89 MP: 11/11
  6439 | D:11     | Reached skill level 5 in Armour
  6727 | D:10     | Entered Level 10 of the Dungeon
  6777 | D:9      | Noticed a two-headed ogre
  6786 | D:9      | Killed a two-headed ogre
  6924 | D:9      | Found a flagged portal.
  6934 | Bailey   | Entered a bailey
  7142 | Bailey   | Reached skill level 12 in Polearms
  7210 | Bailey   | Reached **** piety under Makhleb
  7287 | Bailey   | Reached skill level 5 in Invocations
  7435 | Bailey   | Noticed an orc knight
  7435 | Bailey   | Noticed an orc warlord
  7522 | Bailey   | HP: 3/92 [orc warrior/war axe (7)]
  7536 | Bailey   | Slain by an orc warrior

Skill      XL: |  1  2  3  4  5  6  7  8  9 10 |
---------------+-------------------------------+-----
Fighting       | 4 5 6 7 8 9 |  9.8
Polearms       | 1 3 5 7 9 11 12 | 12.3
Dodging        | 4 5 6 7 |  7.0
Armour         | 2 4 6 |  6.4
Invocations    | 1 3 5 |  5.1
Shields        | 2 4 |  4.2
Axes           | |  3.9
Stealth        | |  1.6

Action                   |  1- 3 |  4- 6 |  7- 9 | 10-12 || total
-------------------------+-------+-------+-------+-------++-------
Melee: Hand axe          |     7 |       |       |       ||     7
       Halberd           |    32 |    96 |    18 |       ||   146
       Headbutt          |     4 |    13 |    82 |    58 ||   157
       Spear             |       |       |   426 |   121 ||   547
       Trident           |       |       |       |   276 ||   276
Invok: Lesser Servant of |       |       |       |     6 ||     6
       Minor Destruction |       |       |       |     1 ||     1
  Use: Scroll            |       |       |     2 |     6 ||     8
 Stab: Sleeping          |     3 |       |       |       ||     3
  Eat: Chunk             |       |     3 |    13 |     2 ||    18
       Ration            |       |       |     4 |     2 ||     6
Armor: Robe              |     1 |     3 |       |       ||     4
       Chain mail        |       |    29 |    45 |       ||    74
       Plate armour      |       |       |    76 |    59 ||   135
Dodge: Dodged            |    23 |    42 |   100 |    48 ||   213
Block: Other             |       |       |    54 |    15 ||    69
       Reflection        |       |       |     3 |     4 ||     7
       Buckler           |       |       |       |    72 ||    72
